 Dungeon Crawl Stone Soup version 0.16.0-11-gd45b091 (webtiles) character file.

137 Chiseanne the Magician (level 5, 0/30 HPs)
             Began as a Deep Elf Warper on Mar 17, 2015.
             Succumbed to a worker ant's poison
             ... on level 4 of the Dungeon.
             The game lasted 00:12:08 (2487 turns).

Chiseanne the Magician (Deep Elf Warper)            Turns: 2487, Time: 00:12:08

Health: 0/30       AC:  7    Str:  9    XL:     5   Next: 0%
Magic:  14/18      EV: 13    Int: 18    God:
Gold:   232        SH:  0    Dex: 14    Spells: 4 memorised, 5 levels left

rFire  . . .     SeeInvis +     a - +1 falchion
rCold  . . .     Clarity  .     b - +1 leather armour
rNeg   . . .     SustAb   .     (no shield)
rPois  .         Gourm    .     (no helmet)
rElec  .         Spirit   .     (no cloak)
rCorr  .         Warding  .     (no gloves)
rMut   .         Stasis   .     g - +2 pair of boots
MR     .....                    n - amulet of faith
Stlth  +.........               (no ring)
                                o - ring of see invisible

@: lethally poisoned (0 -> -9), not resistant to hostile enchantments, very
unstealthy
A: claws 1, slow healing 1, wild magic 1
a: no special abilities


You were on level 4 of the Dungeon.
You were not hungry.

You visited 1 branch of the dungeon, and saw 4 of its levels.

You collected 232 gold pieces.

Inventory:

Hand weapons
 a - a +1 falchion (weapon)
 p - a +0 blowgun
Missiles
 e - 5 tomahawks of dispersal
 h - 80 stones
 i - 19 arrows
 k - 50 bolts
 l - 42 poisoned needles
 r - a throwing net
 t - 4 tomahawks (quivered)
Armour
 b - a +1 leather armour (worn)
 g - a +2 pair of boots (worn)
Jewellery
 n - an amulet of faith (around neck)
 o - a ring of see invisible (left claw)
Scrolls
 w - a scroll of remove curse
 y - a scroll of magic mapping
Potions
 q - a potion of brilliance
 x - a potion of restore abilities
Books
 c - a book of Spatial Translocations

   Spells                             Type                      Level
   a - Apportation                    Translocation                1
   b - Blink                          Translocation                2
   c - Shroud of Golubria             Charms/Translocation         2
   d - Portal Projectile              Translocation                3
   e - Teleport Other                 Translocation                3
   f - Passage of Golubria            Translocation                4
Comestibles
 f - 3 bread rations


   Skills:
 * Level 2.0 Fighting
 - Level 1.7 Long Blades
 - Level 1.1 Throwing
 - Level 0.7 Armour
 * Level 3.4 Dodging
 * Level 4.8 Spellcasting
 * Level 4.4 Translocations


You had 5 spell levels left.
You knew the following spells:

 Your Spells              Type           Power        Failure   Level  Hunger
a - Apportation           Tloc           ####......   9%          1    None
b - Blink                 Tloc           N/A          13%         2    #......
c - Shroud of Golubria    Chrm/Tloc      ###.......   26%         2    #......
d - Teleport Other        Tloc           ####....     22%         3    ###....


Dungeon Overview and Level Annotations

Branches:
Dungeon (4/15)
 Temple: D:4-7

Altars:

Annotations:
D:3 Grinder, Sigmund


Innate Abilities, Weirdness & Mutations

You have sharp fingernails.
You heal slowly when monsters are visible.
Your spells are a little harder to cast, but a little more powerful.


Message History

Drink which item? (? for menu, Esc to quit)
You feel extremely strange.
Your natural healing is weakened.
You feel less in control of your magic.
Your fingernails lengthen.
* * * LOW HITPOINT WARNING * * *
You feel sick.
* * * LOW HITPOINT WARNING * * *
You feel sick.
You see here a worker ant corpse.
* * * LOW HITPOINT WARNING * * *
You feel sick.
A hound comes into view.
* * * LOW HITPOINT WARNING * * *
You feel sick.
* * * LOW HITPOINT WARNING * * *
You feel sick.
* * * LOW HITPOINT WARNING * * *
You feel sick.
You see here a worker ant corpse.
You die...

####...######..#
#....##.....##
#.....†...##.##
#..#..######..#
#.###.# ##..## . #.#
#.####..## #. ##.#
#..##...#
#..###..###..#....#
#.$.....†@.......##
###.......######...#
.........## ##<.#
.##......# #.##
##(....# ##. ##..#..
.# #..###h .. #.# #.
# .. .


There were no monsters in sight!

Vanquished Creatures
  A worker ant (D:4)
  2 adders
  4 worms
  2 giant geckos
  An ooze (D:1)
  An orc (D:4)
  A ball python (D:3)
  3 giant cockroaches
  7 goblins
  9 hobgoblins
  9 jackals
  5 bats
  A giant newt (D:1)
  9 kobolds
  4 rats
59 creatures vanquished.

Notes
Turn   | Place    | Note
--------------------------------------------------------------
     0 | D:1      | Chiseanne, the Deep Elf Warper, began the quest for the Orb.
     0 | D:1      | Reached XP level 1. HP: 12/12 MP: 5/5
   113 | D:1      | Reached XP level 2. HP: 10/16 MP: 8/8
   449 | D:1      | Reached skill level 4 in Translocations
   463 | D:1      | Learned a level 2 spell: Blink
   466 | D:1      | Learned a level 2 spell: Shroud of Golubria
   813 | D:2      | Reached XP level 3. HP: 15/20 MP: 4/11
  1445 | D:2      | Learned a level 3 spell: Teleport Other
  1518 | D:2      | Reached XP level 4. HP: 26/26 MP: 13/15
  1784 | D:3      | Noticed Grinder
  1816 | D:3      | Noticed Sigmund
  2075 | D:3      | Paralysed by Grinder for 2 turns
  2480 | D:4      | Reached XP level 5. HP: 8/30 MP: 13/18
  2481 | D:4      | Gained mutation: You heal slowly when monsters are visible. [potion of mutation]
  2481 | D:4      | Gained mutation: Your spells are a little harder to cast, but a little more powerful. [potion of mutation]
  2481 | D:4      | Gained mutation: You have sharp fingernails. [potion of mutation]
  2486 | D:4      | HP: 1/30 [poisoned by a worker ant]
  2487 | D:4      | Succumbed to a worker ant's poison

Action                   |  1- 3 |  4- 6 || total
-------------------------+-------+-------++-------
Melee: Falchion          |   111 |    62 ||   173
 Fire: Blowgun           |       |     2 ||     2
Throw: Tomahawk          |       |     3 ||     3
 Cast: Apportation       |    18 |     5 ||    23
       Shroud of Golubri |    14 |    11 ||    25
  Use: Scroll            |     6 |     7 ||    13
       Potion            |       |     5 ||     5
  Eat: Chunk             |     2 |     2 ||     4
       Royal jelly       |       |     1 ||     1
